 Dungeon Crawl Stone Soup version 0.27-a0-1219-g958d993ae5 (webtiles) character file.

Game seed: 1304641360311714520

70 polve the Cutter (level 4, -7/35 HPs)
             Began as a Demonspawn Abyssal Knight on June 6, 2021.
             Was a Follower of Lugonu.
             Killed from afar by Sigmund (10 damage)
             ... with a puff of flame
             ... on level 2 of the Dungeon.
             The game lasted 00:03:01 (2580 turns).

polve the Cutter (Demonspawn Abyssal Knight)        Turns: 2580, Time: 00:03:02

Health: -7/35      AC:  3    Str: 13    XL:     4   Next: 3%
Magic:  5/5        EV: 11    Int: 14    God:    Lugonu [*.....]
Gold:   78         SH:  0    Dex: 12    Spells: 2/3 levels left

rFire    . . .     SeeInvis .   a - +1 short sword
rCold    . . .     Faith    .   (no shield)
rNeg     . . .     Spirit   .   b - +0 leather armour
rPois    .         Reflect  .   (helmet restricted)
rElec    .         Harm     .   (no cloak)
rCorr    .         Rampage  .   (no gloves)
Will     .....                  (no boots)
Stlth    +.........             (no amulet)
HPRegen  0.11/turn              (no ring)
MPRegen  0.09/turn              (no ring)

@: confused
A: claws 1, hooves 2, demonic magic 1, beak
a: Renounce Religion, Depart the Abyss


You were on level 2 of the Dungeon.
You worshipped Lugonu.
Lugonu was aware of your devotion.
You visited 1 branch of the dungeon, and saw 2 of its levels.
You visited the Abyss 1 time.

You collected 78 gold pieces.

Inventory:

Hand Weapons
 a - a +1 short sword (weapon)
Armour
 b - a +0 leather armour (worn)
Scrolls
 c - a scroll of acquirement {unknown}
 d - a scroll of immolation


   Skills:
 - Level 3.0 Fighting
 + Level 3.8 Short Blades
 - Level 1.7 Armour
 - Level 0.8 Dodging
 + Level 0.7 Necromancy
 - Level 2.4 Invocations


You had 2 spell levels left.
You knew the following spells:

 Your Spells              Type           Power      Damage    Failure   Level
a - Pain                  Necr           8%         1d4       26%         1

Your spell library contained the following spells:

 Spells                   Type           Power      Damage    Failure   Level
 Animate Skeleton         Necr           4%         N/A       26%         1
 Vampiric Draining        Necr           1%         2d6       63%         3
 Animate Dead             Necr           1%         N/A       95%         4
 Agony                    Necr           2%         N/A       100%        5


Dungeon Overview and Level Annotations

Branches:
Dungeon (2/15)

Altars:

Shops:
D:1 [

Annotations:
D:2 Sigmund


Innate Abilities, Weirdness & Mutations

You have sharp fingernails.
You have hoof-like feet.
Spells you cast may paralyse adjacent enemies.
You have a beak for a mouth.


Message History

No target in view!
No target in view!
No target in view!
Things that are here:
a +0 club; a goblin corpse As you open the door, it creaks loudly!
You hear a shout!
There is an open door here.
Sigmund is nearby!
It was a potion of mutation.
You feel extremely strange.
Your mouth lengthens and hardens into a beak!
Your feet thicken and deform.
You aren't carrying any potions.
As you read the scroll labelled JUOLAGAKEC, it crumbles to dust.
It is a scroll of amnesia.
Really abort (and waste the scroll)?
Okay, then.
As you read the scroll labelled UHOCONT ROARAN, it crumbles to dust.
The scroll dissolves into smoke.
It was a scroll of fog.
You aren't carrying any potions.
As you read the scroll labelled QOLIF SURY, it crumbles to dust.
It is a scroll of identify.
d - a scroll of immolation You hit Sigmund.
Sigmund is lightly wounded.
Sigmund hits you with a +0 scythe! Sigmund gestures at you while chanting.
You are confused.
You are too confused!
You're too confused to move!
Sigmund zaps a wand.
The puff of flame hits you!
You bump into the rock wall.
Sigmund points at you and mumbles some strange words.
You resist with some effort.
Sigmund zaps a wand.
The puff of flame misses you.
Sigmund zaps a wand.
The puff of flame hits you.
* * * LOW HITPOINT WARNING * * *
Sigmund points at you and mumbles some strange words.
The puff of flame hits you!
* * * LOW HITPOINT WARNING * * *
Sigmund zaps a wand.
The puff of flame hits you!
You die...

# #....#
####.# #.###
#...# ###.#
#.# #.#
###.########
#...§....@.#
#.#@######.#
#.#§§§##.#.#
. ###@##...#
## #§##.###
#§§..#
######


You could see Sigmund.

Vanquished Creatures
  A gnoll (D:1)
  4 ball pythons
  5 bats
  4 endoplasms
  2 giant cockroaches (D:2)
  5 goblins
  6 hobgoblins
  7 jackals
  7 quokkas
  4 kobolds
  6 rats
51 creatures vanquished.

Vanquished Creatures (others)
  A fungus (D:2)
1 creature vanquished.

Grand Total: 52 creatures vanquished

Notes
Turn   | Place    | Note
-------+----------+-------------------------------------------
     0 | Abyss:1  | polve the Demonspawn Abyssal Knight began the quest for the
                  | Orb.
     0 | Abyss:1  | Reached XP level 1. HP: 18/18 MP: 2/2
    52 | Abyss:1  | Noticed an efreet
    54 | Abyss:1  | Noticed an iron imp
    56 | Abyss:1  | Noticed a thrashing horror
    58 | D:1      | Escaped the Abyss
   487 | D:1      | Gained mutation: You have large cloven feet. [demonic
                  | ancestry]
   487 | D:1      | Reached XP level 2. HP: 14/24 MP: 3/3
   898 | D:1      | Found Xoit's Antique Armour Boutique.
   984 | D:1      | Gained mutation: Spells you cast may paralyse adjacent
                  | enemies. [demonic ancestry]
   984 | D:1      | Reached XP level 3. HP: 29/29 MP: 4/4
  1003 | D:1      | Reached * piety under Lugonu
  1746 | D:2      | Learned a level 1 spell: Pain
  1786 | D:2      | HP: 1/29 [kobold/+0 whip (2)]
  1804 | D:2      | HP: 1/29 [ball python (1)]
  1969 | D:2      | Noticed an ogre
  2246 | D:2      | Noticed Sigmund
  2253 | D:2      | Gained mutation: You have sharp fingernails. [demonic
                  | ancestry]
  2253 | D:2      | Reached XP level 4. HP: 23/35 MP: 5/5
  2554 | D:2      | Gained mutation: You have a beak for a mouth. [potion of
                  | mutation]
  2554 | D:2      | Gained mutation: You have hoof-like feet. [potion of
                  | mutation]
  2580 | D:2      | Killed from afar by Sigmund

Illustrated notes

Levels and vault maps discovered:
D:1:      mushboom_english_gardens, layout_loops_cross, serial_shops, shop
D:2:      layout_basic, minmay_quadrilaterals, uniq_sigmund,
          uniq_crazy_yiuf_cottage

Skill      XL: |  1  2 |
---------------+-------+-----
Short Blades   | 2 3 |  3.8
Fighting       | |  3.0
Armour         | |  1.7
Dodging        | |  0.8
Necromancy     | |  0.7
Invocations    | |  2.4

Action                   |  1- 3 |  4- 6 || total
-------------------------+-------+-------++-------
Melee: Short sword       |   179 |     7 ||   186
       Kick              |    27 |       ||    27
Invok: Depart the Abyss  |     1 |       ||     1
  Use: Potion            |     2 |     1 ||     3
       Scroll            |       |     3 ||     3
Armor: Leather armour    |    65 |       ||    65
Dodge: Dodged            |   127 |     4 ||   131

Table legend: (Time is in decaauts)
 A = Elapsed time spent in this place.
 B = Non-inter-level travel time spent in this place.
 C = Inter-level travel time spent in this place.
 D = Time resting spent in this place.
 E = Time spent auto-exploring this place.
 F = Levels seen in this place.
 G = Mean time per level.
                   A        B        C        D        E       F      G
               +--------+--------+--------+--------+--------+-----+--------+
         Total |   2570 |   2487 |     83 |      0 |   2004 |   3 |  856.7 |
       Dungeon |   2512 |   2429 |     83 |      0 |   1953 |   2 | 1256.0 |
         Abyss |     58 |     58 |      0 |      0 |     51 |   1 |   58.0 |
               +--------+--------+--------+--------+--------+-----+--------+

Top non-repeatable levels by time:
     D:1: 1773 daAuts
     D:2: 738 daAuts
 Abyss:1: 58 daAuts
